[Event "Sunday07 January Rapid Engine Tour 12+1 Rounds 9 Starts 1600 ST"]
[Site "Infinity Chess"]
[Date "2018.1.7"]
[Round "1"]
[White "Murx"]
[Black "angriff"]
[Result "1/2-1/2"]
[ECO "A05"]
[WhiteElo "2457"]
[BlackElo "2382"]
[WhiteEngine "BrainFish_171226_x64_modern"]
[BlackEngine "SF_64BIT_POPCNT_CTG"]
[EventType "Swiss"]
[WhiteTeam ""]
[BlackTeam ""]
[PlyCount "94"]
[TimeControl "720+1"]

1. Nf3 Nf6 2. d4 d5 3. c4 e6 4. Nc3 c6 5. Bg5 h6 6. Bxf6 Qxf6 7. e3 g6 
8. Bd3 dxc4 9. Bxc4 Bg7 10. e4 O-O 11. O-O Qe7 12. e5 Nd7 13. Rc1 c5 
14. Re1 cxd4 15. Qxd4 Nb6 16. Ne4 Bd7 17. Nf6+ Kh8 18. Qe3 Rac8 19. Bb3 Rxc1 
20. Rxc1 Bc6 21. Nd4 Rc8 22. Nxc6 Rxc6 23. Rxc6 bxc6 24. Qc3 c5 25. h4 h5 
26. g3 Qc7 27. a3 c4 28. Ba2 Nd5 29. Qd4 Nxf6 30. exf6 Bf8 31. Bxc4 Bc5 
32. Qc3 Bb6 33. b4 Qd8 34. b5 Bd4 35. Qf3 Qxf6 36. Qxf6+ Bxf6 37. Kg2 Kg7 
38. f4 Bc3 39. a4 Kf6 40. Kf3 Be1 41. Bd3 Ba5 42. Ke2 Bb4 43. Kf2 Bc5+ 
44. Kg2 Bb6 45. Kf3 Ba5 46. Be4 Bb6 47. Bd3 Ba5 1/2-1/2

[Event "Sunday07 January Rapid Engine Tour 12+1 Rounds 9 Starts 1600 ST"]
[Site "Infinity Chess"]
[Date "2018.1.7"]
[Round "1"]
[White "miguello"]
[Black "Thinker"]
[Result "1/2-1/2"]
[ECO "D30"]
[WhiteElo "2412"]
[BlackElo "2459"]
[WhiteEngine "asmFishW_2017-11-19_popcnt_CTG"]
[BlackEngine "BrainFish_180106_x64_modern_CTG"]
[EventType "Swiss"]
[WhiteTeam ""]
[BlackTeam ""]
[PlyCount "82"]
[TimeControl "720+1"]

1. d4 d5 2. c4 e6 3. Nf3 Nf6 4. Nc3 Be7 5. Bg5 h6 6. Bh4 O-O 7. e3 b6 8. Bd3 Bb7 
9. O-O Nbd7 10. Bg3 dxc4 11. Bxc4 Nh5 12. Be5 a6 13. a4 Nhf6 14. Bg3 Bb4 
15. Qb3 a5 16. Rfd1 Rc8 17. Bh4 Qe7 18. Qc2 Bxc3 19. bxc3 c5 20. Nd2 cxd4 
21. exd4 g5 22. Bg3 h5 23. f3 h4 24. Bf2 h3 25. gxh3 Nh5 26. Bf1 f5 27. Re1 Nf4 
28. Qb3 Rf6 29. Bg3 Rh6 30. Bxf4 gxf4 31. Kh1 Kh8 32. Bb5 Rxh3 33. Qxe6 Rxh2+ 
34. Kxh2 Qh4+ 35. Kg1 Bxf3 36. Nxf3 Qg3+ 37. Kf1 Qxf3+ 38. Kg1 Qg3+ 39. Kf1 Qf3+ 
40. Kg1 Qg3+ 41. Kf1 Qf3+ 1/2-1/2

[Event "Sunday07 January Rapid Engine Tour 12+1 Rounds 9 Starts 1600 ST"]
[Site "Infinity Chess"]
[Date "2018.1.7"]
[Round "1"]
[White "incredible"]
[Black "hafaba"]
[Result "1/2-1/2 "]
[ECO "B00"]
[WhiteElo "2474"]
[BlackElo "2418"]
[WhiteEngine "stockfish_18010422_x64_bmi2"]
[BlackEngine "SF SL 03012018 POPCNT_CTG"]
[EventType "Swiss"]
[WhiteTeam ""]
[BlackTeam ""]
[PlyCount "150"]
[TimeControl "720+1"]

1. e4 Nc6 2. d4 d5 3. exd5 Qxd5 4. Nf3 e5 5. Nc3 Bb4 6. Bd2 Bxc3 7. bxc3 e4 
8. Ng1 Nf6 9. Ne2 O-O 10. Nf4 Qd6 11. Be2 b6 12. O-O Bb7 13. Qc1 h6 14. Rd1 g5 
15. Nh5 Nxh5 16. Bxh5 Na5 17. Be2 Qc6 18. d5 Qxd5 19. c4 Qe6 20. h4 Nc6 
21. Bc3 Ne5 22. hxg5 Qf5 23. Qe3 Rae8 24. gxh6 Kh7 25. Bxe5 Qxe5 26. Rab1 Bc6 
27. f4 exf3 28. Bd3+ f5 29. Qxe5 Rxe5 30. Re1 Rxe1+ 31. Rxe1 fxg2 32. Re7+ Kh8 
33. Re5 Rf6 34. Bxf5 Rxh6 35. Be4 Kg7 36. Bd5 Kf8 37. Kxg2 Ba4 38. Re2 Bd7 
39. c5 Rg6+ 40. Kf2 Rf6+ 41. Ke1 Rf5 42. c4 b5 43. c6 Be8 44. Kd2 bxc4 
45. Bxc4 Bxc6 46. Bb3 Bb5 47. Re4 Rf2+ 48. Kc3 Re2 49. Rg4 Ke7 50. Bc4 Re5 
51. Bxb5 Rxb5 52. Kc4 Ra5 53. Rg6 Rxa2 54. Rg7+ Kd6 55. Rg6+ Kd7 56. Kb3 Ra5 
57. Rg1 Kc8 58. Kb4 Rh5 59. Rg3 Kb7 60. Rg1 c6 61. Rg8 Rh4+ 62. Ka5 Rh5+ 
63. Ka4 Ka6 64. Rg1 Rh4+ 65. Ka3 Kb5 66. Rb1+ Ka5 67. Rc1 Rh3+ 68. Ka2 Kb6 
69. Ra1 a5 70. Rb1+ Kc5 71. Rg1 a4 72. Rg7 a3 73. Rg1 Kb4 74. Rb1+ Ka4 
75. Rh1 Rd3 1/2-1/2

[Event "Sunday07 January Rapid Engine Tour 12+1 Rounds 9 Starts 1600 ST"]
[Site "Infinity Chess"]
[Date "2018.1.7"]
[Round "1"]
[White "Coco69"]
[Black "Susanne"]
[Result "1/2-1/2"]
[ECO "B32"]
[WhiteElo "2421"]
[BlackElo "2475"]
[WhiteEngine "BrainFish_180106_x64"]
[BlackEngine "BrainFish_180106_x64_bmi2_CTG"]
[EventType "Swiss"]
[WhiteTeam ""]
[BlackTeam ""]
[PlyCount "80"]
[TimeControl "720+1"]

1. e4 c5 2. Nf3 Nc6 3. d4 cxd4 4. Nxd4 e5 5. Nb5 d6 6. c4 Nf6 7. N1c3 a6 
8. Na3 Be6 9. Nc2 Rc8 10. Be2 g6 11. Be3 Bg7 12. f3 Ne7 13. b3 b5 14. Nd5 Nh5 
15. O-O O-O 16. Bb6 Qd7 17. Bf2 Qd8 18. Nxe7+ Qxe7 19. Ne3 Nf4 20. cxb5 d5 
21. exd5 Rfd8 22. b6 Bxd5 23. Nxd5 Rxd5 24. Qe1 e4 25. Bxa6 Qg5 26. g3 Nh3+ 
27. Kh1 Nxf2+ 28. Qxf2 Rd2 29. f4 Qd8 30. Qxd2 Qxd2 31. Bxc8 Bxa1 32. b7 Qd3 
33. Rxa1 Qf3+ 34. Kg1 Qe3+ 35. Kf1 Qd3+ 36. Kf2 Qd2+ 37. Kg1 Qe3+ 38. Kf1 Qd3+ 
39. Kf2 Qd2+ 40. Kg1 Qe3+ 1/2-1/2

[Event "Sunday07 January Rapid Engine Tour 12+1 Rounds 9 Starts 1600 ST"]
[Site "Infinity Chess"]
[Date "2018.1.7"]
[Round "1"]
[White "Marsell"]
[Black "NINJA_JENGKA"]
[Result "1/2-1/2"]
[ECO "C55"]
[WhiteElo "2475"]
[BlackElo "2422"]
[WhiteEngine "asmFishW_2017-12-07_popcnt"]
[BlackEngine "Houdini 6"]
[EventType "Swiss"]
[WhiteTeam ""]
[BlackTeam ""]
[PlyCount "129"]
[TimeControl "720+1"]

1. e4 e5 2. Nf3 Nc6 3. Bc4 Nf6 4. d3 Bc5 5. c3 d6 6. O-O O-O 7. h3 a5 8. Nbd2 h6 
9. Re1 Be6 10. b3 Rb8 11. a4 d5 12. exd5 Nxd5 13. Qc2 Re8 14. Ne4 Bf8 
15. Bb5 Bd6 16. Bd2 f5 17. Nxd6 cxd6 18. Qb2 Bf7 19. c4 Nde7 20. Kh1 Ng6 
21. Rad1 Rc8 22. Rc1 Kh7 23. Kh2 Nf8 24. d4 e4 25. Ng1 Ne6 26. Ne2 Rf8 
27. Bc3 Nb4 28. Bxb4 axb4 29. Qd2 Bh5 30. Ng3 Bg6 31. f3 d5 32. cxd5 Rxc1 
33. Rxc1 Nc7 34. fxe4 fxe4 35. Qxb4 Nxd5 36. Qe1 e3 37. Nf1 Rf4 38. Bc4 Re4 
39. Ng3 Rxd4 40. Bxd5 Rxd5 41. Qxe3 Qd6 42. Re1 Rd3 43. Qe5 Qxe5 44. Rxe5 Rxb3 
45. Nf5 Kg8 46. g4 Bxf5 47. Rxf5 g6 48. Rf6 Kg7 49. Rf4 g5 50. Rf5 b6 
51. a5 Rb2+ 52. Kg3 bxa5 53. Rxa5 Rb3+ 54. Kh2 Kg6 55. Ra2 Kf6 56. Rf2+ Ke5 
57. Kg2 Ke4 58. Rf5 Re3 59. Rf6 Ra3 60. Rxh6 Ra2+ 61. Kf1 Ra1+ 62. Kg2 Ra2+ 
63. Kf1 Ra1+ 64. Ke2 Ra2+ 65. Kf1 1/2-1/2

[Event "Sunday07 January Rapid Engine Tour 12+1 Rounds 9 Starts 1600 ST"]
[Site "Infinity Chess"]
[Date "2018.1.7"]
[Round "1"]
[White "ocirema"]
[Black "Gilgamesch"]
[Result "1/2-1/2"]
[ECO "C53"]
[WhiteElo "2435"]
[BlackElo "2476"]
[WhiteEngine "Stockfish_18010423_720_x64_modern_BYO_RW_CTG"]
[BlackEngine "BrainFish_171005_x64_bmi2"]
[EventType "Swiss"]
[WhiteTeam ""]
[BlackTeam ""]
[PlyCount "104"]
[TimeControl "720+1"]

1. e4 e5 2. Nf3 Nc6 3. Bc4 Bc5 4. c3 Nf6 5. d3 d6 6. O-O O-O 7. Nbd2 a5 
8. h3 Ba7 9. Re1 Be6 10. Bb5 Ne7 11. d4 Ng6 12. Ba4 Nh5 13. Nf1 exd4 
14. cxd4 Nhf4 15. Bc2 d5 16. Bxf4 Nxf4 17. e5 f6 18. Qd2 fxe5 19. Rxe5 Bd7 
20. Rae1 c6 21. N1h2 Bb8 22. R5e3 a4 23. Ne5 Bc7 24. Qd1 Ba5 25. Nxd7 Qxd7 
26. Re7 Qc8 27. Rf1 Bb4 28. Re3 a3 29. bxa3 Rxa3 30. Ng4 g6 31. Rxa3 Bxa3 
32. g3 Nxh3+ 33. Kg2 Ng5 34. f4 Ne4 35. Bxe4 dxe4 36. d5 Qd7 37. Qb3 Qxg4 
38. dxc6+ Kg7 39. Qxa3 bxc6 40. Qe7+ Rf7 41. Qxe4 h5 42. Qxc6 h4 43. Qc3+ Kg8 
44. Qf3 Qxf3+ 45. Rxf3 Ra7 46. g4 g5 47. a3 gxf4 48. Kh3 Kg7 49. Rxf4 Rxa3+ 
50. Kxh4 Ra6 51. g5 Ra1 52. Kg4 Rg1+ 1/2-1/2

[Event "Sunday07 January Rapid Engine Tour 12+1 Rounds 9 Starts 1600 ST"]
[Site "Infinity Chess"]
[Date "2018.1.7"]
[Round "1"]
[White "fati64"]
[Black "RonWeasley"]
[Result "1/2-1/2"]
[ECO "C11"]
[WhiteElo "2497"]
[BlackElo "2437"]
[WhiteEngine "Raubfisch ME262_GTZ16b1."]
[BlackEngine "BrainFish 060118_CTG"]
[EventType "Swiss"]
[WhiteTeam ""]
[BlackTeam ""]
[PlyCount "73"]
[TimeControl "720+1"]

1. e4 e6 2. d4 d5 3. Nc3 Nf6 4. e5 Nfd7 5. f4 c5 6. Nf3 Nc6 7. Be3 cxd4 
8. Nxd4 Qb6 9. Qd2 Qxb2 10. Rb1 Qa3 11. Bb5 Nxd4 12. Bxd4 a6 13. Bxd7+ Bxd7 
14. Rb3 Qe7 15. Rxb7 Rc8 16. O-O Qd8 17. Qf2 Rxc3 18. Bxc3 Qc8 19. Rb3 Ba4 
20. Bd4 Bxb3 21. axb3 Be7 22. c3 O-O 23. b4 Qc6 24. Ra1 Bd8 25. h4 Bc7 
26. Kh2 Ra8 27. h5 h6 28. Rb1 Rb8 29. Qf1 Rb5 30. Ra1 a5 31. bxa5 Rxa5 
32. Rb1 Qa8 33. Kg3 Qc8 34. Rb4 Qa8 35. Rb1 Qc8 36. Rb4 Qa8 37. Rb1 1/2-1/2

[Event "Sunday07 January Rapid Engine Tour 12+1 Rounds 9 Starts 1600 ST"]
[Site "Infinity Chess"]
[Date "2018.1.7"]
[Round "1"]
[White "Prometheus"]
[Black "Victorious"]
[Result "1/2-1/2"]
[ECO "D00"]
[WhiteElo "2437"]
[BlackElo "2502"]
[WhiteEngine "Eman 1.58-64bit-IDeA"]
[BlackEngine "Houdini 6"]
[EventType "Swiss"]
[WhiteTeam ""]
[BlackTeam ""]
[PlyCount "84"]
[TimeControl "720+1"]

1. d4 d5 2. e3 Nf6 3. Nf3 c5 4. c4 e6 5. a3 h6 6. dxc5 Bxc5 7. Nc3 O-O 
8. cxd5 exd5 9. Be2 Be6 10. O-O a6 11. b4 Ba7 12. a4 Nbd7 13. a5 Qe7 
14. Ba3 Rfc8 15. b5 Bc5 16. Bxc5 Qxc5 17. Na4 Qc7 18. bxa6 bxa6 19. Qe1 Bg4 
20. Qd2 Bxf3 21. Bxf3 Rab8 22. Be2 Qd6 23. Rfd1 Rc6 24. h3 Rb3 25. Qa2 Rb4 
26. Qa3 Ne4 27. Bd3 Ndf6 28. Nb6 d4 29. Bxe4 Nxe4 30. Nd5 Nxf2 31. Qxb4 Nxh3+ 
32. gxh3 Qg3+ 33. Kf1 Qf3+ 34. Ke1 Qxd5 35. Rac1 Qg5 36. Rxc6 Qxe3+ 37. Kf1 Qf3+ 
38. Ke1 Qe3+ 39. Kf1 Qf4+ 40. Kg2 Qe4+ 41. Kf1 Qf3+ 42. Ke1 Qe3+ 1/2-1/2

[Event "Sunday07 January Rapid Engine Tour 12+1 Rounds 9 Starts 1600 ST"]
[Site "Infinity Chess"]
[Date "2018.1.7"]
[Round "1"]
[White "xeonrocks"]
[Black "KULLANI"]
[Result "1/2-1/2 "]
[ECO "C50"]
[WhiteElo "2515"]
[BlackElo "2443"]
[WhiteEngine "asmFishW_CTG"]
[BlackEngine "BrainFish_180106_x64_CTG"]
[EventType "Swiss"]
[WhiteTeam ""]
[BlackTeam ""]
[PlyCount "185"]
[TimeControl "720+1"]

1. e4 e5 2. Nf3 Nc6 3. Bc4 Bc5 4. O-O Nf6 5. d3 d6 6. c3 a5 7. b3 O-O 8. h3 Be6 
9. Bg5 h6 10. Bh4 g5 11. Bg3 Qe7 12. Re1 Nh5 13. Nxe5 Nxg3 14. Nxc6 bxc6 
15. Bxe6 Qxe6 16. Qf3 f5 17. Qxg3 fxe4 18. d4 Bb6 19. Nd2 d5 20. f3 e3 
21. f4 Qd6 22. Rxe3 Qxf4 23. Qxf4 Rxf4 24. g3 Rff8 25. Re5 c5 26. Rxd5 cxd4 
27. cxd4 Rad8 28. Rxd8 Rxd8 29. Kg2 Bxd4 30. Rf1 Re8 31. Kf3 Re3+ 32. Kg4 Re2 
33. Rd1 c5 34. Nf3 Bg7 35. Rd8+ Kf7 36. Nd2 Bc3 37. Nc4 Rxa2 38. Rd7+ Kf8 
39. Ra7 Bb4 40. Kh5 Rh2 41. Kxh6 Rxh3+ 42. Kxg5 Rxg3+ 43. Kf6 Rf3+ 44. Ke5 Rxb3 
45. Kd5 Rd3+ 46. Kc6 Rd1 47. Nxa5 Ra1 48. Kd5 Bxa5 49. Ra8+ Ke7 50. Ra6 Rd1+ 
51. Kxc5 Bc3 52. Kb5 Kf7 53. Kc4 Be5 54. Ra2 Rd4+ 55. Kc5 Rd8 56. Re2 Ke6 
57. Kc6 Rc8+ 58. Kb7 Rc4 59. Rg2 Bd4 60. Rg8 Kd7 61. Rg4 Ra4 62. Rh4 Kd6 
63. Rh6+ Kd5 64. Rh5+ Be5 65. Kb6 Ra3 66. Kb5 Ke6 67. Rh1 Kd5 68. Rh4 Rc3 
69. Kb4 Rc7 70. Rh5 Ke6 71. Rh1 Rd7 72. Ka4 Rd2 73. Rb1 Rd8 74. Rb6+ Kd5 
75. Rb5+ Ke4 76. Ka5 Rd3 77. Kb6 Rc3 78. Ka5 Rc1 79. Kb6 Bc7+ 80. Kb7 Be5 
81. Ka7 Kd4 82. Ka6 Rc6+ 83. Ka7 Rc8 84. Ka6 Rc6+ 85. Kb7 Rc7+ 86. Ka6 Rc4 
87. Rb1 Kc5 88. Rb5+ Kd6 89. Rb1 Bd4 90. Kb5 Rc5+ 91. Kb4 Rc2 92. Rh1 Be5 
93. Rh5 1/2-1/2

[Event "Sunday07 January Rapid Engine Tour 12+1 Rounds 9 Starts 1600 ST"]
[Site "Infinity Chess"]
[Date "2018.1.7"]
[Round "1"]
[White "Vimtiroba"]
[Black "THE_MACHINE"]
[Result "1/2-1/2"]
[ECO "C50"]
[WhiteElo "2447"]
[BlackElo "2525"]
[WhiteEngine "Corchess@ T2_CTG"]
[BlackEngine "BrainFish_180106_x64_bmi2"]
[EventType "Swiss"]
[WhiteTeam ""]
[BlackTeam ""]
[PlyCount "173"]
[TimeControl "720+1"]

1. e4 e5 2. Nf3 Nc6 3. Bc4 Bc5 4. O-O Nf6 5. d3 d6 6. c3 O-O 7. h3 a5 8. Re1 h6 
9. Bb5 Ba7 10. Nbd2 Ne7 11. d4 Ng6 12. Bd3 Re8 13. a4 c6 14. Bb1 Bb6 15. Bc2 Bc7 
16. b3 Bd7 17. Nf1 d5 18. exd5 e4 19. d6 Bxd6 20. N3d2 Bf5 21. Ne3 Bd7 
22. Nec4 Bf5 23. Nxd6 Qxd6 24. Nc4 Qc7 25. Ne3 Nh4 26. Nxf5 Nxf5 27. Bd2 Re6 
28. f3 Ng3 29. fxe4 Ngxe4 30. Bxe4 Nxe4 31. Bxh6 f5 32. Be3 Nxc3 33. Qc2 Ne4 
34. Rf1 Rf8 35. Rad1 Qd7 36. Bf4 Rf7 37. Be5 Qd5 38. Rd3 g6 39. Rfd1 Kf8 
40. Qc1 Rh7 41. Qe3 Ke8 42. Rc1 Rd7 43. Rdd1 Ree7 44. Qh6 Qg8 45. Rf1 Rd5 
46. Qf4 Kd7 47. Rfe1 Qe6 48. Qf1 Kd8 49. Qf4 Kc8 50. Qf1 Kd7 51. Qf3 Rf7 
52. Qf4 Re7 53. Qf3 Kd8 54. Qf4 Kc8 55. Qf1 Red7 56. Qc4 Qe7 57. Qe2 Qh4 
58. Qf1 Re7 59. Re3 Re6 60. g4 Qg5 61. Qf3 Qh6 62. Rc2 Rd7 63. Kh1 Qh7 
64. Qf4 b6 65. h4 Kb7 66. h5 Re8 67. Kg1 gxh5 68. gxf5 Nd6 69. Rf3 Qg8+ 
70. Kh2 Qd5 71. Re3 Nf7 72. f6 Rc8 73. Rg2 Re8 74. Rgg3 c5 75. Rg7 Kc6 
76. Qf1 cxd4 77. Bxd4 Rxe3 78. Bxe3 Qxb3 79. Qg2+ Qd5 80. Qxd5+ Kxd5 81. Rh7 h4 
82. Bxb6 Ke6 83. Rxh4 Ne5 84. Kh1 Kxf6 85. Bxa5 Kf5 86. Bc3 Rd3 87. Bxe5 1/2-1/2

[Event "Sunday07 January Rapid Engine Tour 12+1 Rounds 9 Starts 1600 ST"]
[Site "Infinity Chess"]
[Date "2018.1.7"]
[Round "1"]
[White "Harry_Potter"]
[Black "Satria_Ungu"]
[Result "1-0"]
[ECO "C77"]
[WhiteElo "2531"]
[BlackElo "2454"]
[WhiteEngine "stockfish_18010422_x64_bmi2_CTG"]
[BlackEngine "Houdini 6"]
[EventType "Swiss"]
[WhiteTeam ""]
[BlackTeam ""]
[PlyCount "167"]
[TimeControl "720+1"]

1. e4 e5 2. Nf3 Nc6 3. Bb5 a6 4. Ba4 Nf6 5. d3 Bc5 6. O-O d6 7. c3 O-O 8. Bg5 h6 
9. Bh4 Ba7 10. Nbd2 g5 11. Bg3 b5 12. Bb3 Na5 13. Bc2 Nh5 14. b4 Nxg3 
15. hxg3 Nc6 16. a4 Qf6 17. Bb3 Bd7 18. Bd5 Bb6 19. c4 bxc4 20. Nxc4 Rad8 
21. Nxb6 cxb6 22. Qb3 Rc8 23. Qb2 a5 24. Bxc6 Rxc6 25. b5 Rc5 26. Rac1 Re8 
27. Rxc5 dxc5 28. Nd2 Be6 29. f4 Qd8 30. f5 Bc8 31. Qc2 Kg7 32. Qb3 Qd4+ 
33. Kh2 f6 34. g4 Rf8 35. Qd5 Qxa4 36. Qc6 Qc2 37. Nc4 Qxd3 38. Rc1 h5 
39. Nxe5 Qd8 40. Ng6 Rg8 41. e5 hxg4 42. exf6+ Qxf6 43. Qc7+ Qf7 44. Ne7 g3+ 
45. Kg1 Re8 46. Re1 Kh8 47. Re3 Bxf5 48. Qe5+ Kh7 49. Qxf5+ Qxf5 50. Nxf5 Rd8 
51. Nxg3 Rd1+ 52. Kf2 Rb1 53. Re7+ Kg8 54. Kf3 Rxb5 55. Ne4 Kf8 56. Rb7 a4 
57. Ra7 Rb2 58. Nxg5 c4 59. g4 Rb1 60. Rxa4 b5 61. Ra8+ Kg7 62. Rc8 Kf6 
63. Rc5 Ke7 64. Ne4 Rf1+ 65. Ke3 Rb1 66. Kf4 Ke6 67. g5 Rf1+ 68. Kg4 Rg1+ 
69. Ng3 Kd6 70. Rc8 Ke5 71. Re8+ Kd4 72. g6 Kc3 73. g7 Rd1 74. g8=Q Rd4+ 
75. Kf5 Kc2 76. Ra8 b4 77. Ra2+ Kb1 78. Rg2 b3 79. Qh8 Rd5+ 80. Kf4 Rf5+ 
81. Nxf5 b2 82. Nd4 c3 83. Rg1+ Ka2 84. Qa8# 1-0

[Event "Sunday 14 January 2nd Tour 7+2 Rounds 9 Starts 2200 ST"]
[Site "Infinity Chess"]
[Date "2018.1.15"]
[Round "9"]
[White "MarioDeMonti"]
[Black "Coco69"]
[Result "1/2-1/2"]
[ECO "C53"]
[WhiteElo "2459"]
[BlackElo "2477"]
[WhiteEngine "stockfish_x64_bmi2_2018_01_01_CTG"]
[BlackEngine "asmfishw_2018-01-12_base_CTG"]
[EventType "Swiss"]
[WhiteTeam ""]
[BlackTeam ""]
[PlyCount "108"]
[TimeControl "420+2"]

1. e4 e5 2. Nf3 Nc6 3. Bc4 Bc5 4. c3 Nf6 5. d3 d6 6. O-O a5 7. Re1 Ba7 
8. Nbd2 O-O 9. h3 Be6 10. Bb5 Ne7 11. d4 Ng6 12. Ba4 Nh5 13. Nf1 exd4 
14. Nxd4 Nhf4 15. Ng3 Bxd4 16. cxd4 d5 17. Qf3 Qh4 18. Bc2 c6 19. Bxf4 Qxf4 
20. Qxf4 Nxf4 21. e5 f6 22. Ne2 fxe5 23. Nxf4 Rxf4 24. Rxe5 Bf7 25. Rd1 Re8 
26. Rxe8+ Bxe8 27. g3 Rf6 28. Re1 Kf7 29. Bxh7 Bd7 30. h4 g6 31. Kg2 Bg4 
32. Re3 Bd1 33. Rd3 Bc2 34. Rc3 Bd1 35. Rd3 Bc2 36. Re3 Bd1 37. f3 Kg7 
38. Re7+ Kf8 39. Rxb7 Bxf3+ 40. Kh3 Rf7 41. Rxf7+ Kxf7 42. h5 Bxh5 43. g4 Kg7 
44. gxh5 Kxh7 45. hxg6+ Kxg6 46. Kg4 a4 47. Kf4 Kf6 48. Ke3 Ke6 49. a3 Kd6 
50. Kd2 c5 51. dxc5+ Kxc5 52. b4+ Kc4 53. Kc1 d4 54. Kb2 d3 1/2-1/2

[Event "Sunday 14 January 2nd Tour 7+2 Rounds 9 Starts 2200 ST"]
[Site "Infinity Chess"]
[Date "2018.1.15"]
[Round "9"]
[White "ocirema"]
[Black "CoffeeOne"]
[Result "1/2-1/2"]
[ECO "C50"]
[WhiteElo "2469"]
[BlackElo "2551"]
[WhiteEngine "asmFishW_2018-01-12_popcnt_CTG"]
[BlackEngine "Houdini 6"]
[EventType "Swiss"]
[WhiteTeam ""]
[BlackTeam ""]
[PlyCount "138"]
[TimeControl "420+2"]

1. e4 e5 2. Nf3 Nc6 3. Bc4 Bc5 4. O-O Nf6 5. d3 d6 6. c3 a5 7. Re1 h6 8. h3 O-O 
9. Nbd2 a4 10. Nf1 Ra5 11. Ng3 b5 12. b4 axb3 13. Bxb3 Be6 14. Rb1 Bxb3 
15. axb3 Ra2 16. d4 Bb6 17. Be3 Qd7 18. Qc1 b4 19. dxe5 Nxe5 20. Nxe5 dxe5 
21. cxb4 Qb5 22. Bxb6 Qxb6 23. Qc5 g6 24. Qxb6 cxb6 25. f3 Rd8 26. Re2 Rxe2 
27. Nxe2 Rd3 28. Rc1 Rxb3 29. Rc6 Nd7 30. Rd6 Nf8 31. Rxb6 Ne6 32. Kf2 h5 
33. Ke1 Kg7 34. Kd1 Rb2 35. b5 Nc5 36. Rb8 Na4 37. h4 Kh7 38. Ke1 Nc5 
39. Kd1 Na4 40. g3 Kg7 41. Ke1 Nc5 42. Nc1 Kf6 43. b6 Nd7 44. Rd8 Ke6 
45. Ra8 Nxb6 46. Ra6 Rb1 47. Kd2 Ke7 48. Ra7+ Ke6 49. Rc7 Nd7 50. Rc6+ Ke7 
51. Rc7 Kd6 52. Ra7 f5 53. Nd3 fxe4 54. fxe4 Nc5 55. Nxc5 Kxc5 56. Kc3 g5 
57. Ra5+ Kd6 58. hxg5 Rg1 59. Kc4 Rxg3 60. Ra6+ Ke7 61. Ra5 h4 62. Rxe5+ Kd6 
63. Rd5+ Ke6 64. Rf5 h3 65. g6 h2 66. Rh5 Rxg6 67. Rxh2 Ke5 68. Kb4 Kd4 
69. e5 Kxe5 1/2-1/2

[Event "Sunday 14 January 2nd Tour 7+2 Rounds 9 Starts 2200 ST"]
[Site "Infinity Chess"]
[Date "2018.1.15"]
[Round "9"]
[White "miguello"]
[Black "Seliga"]
[Result "1/2-1/2"]
[ECO "D31"]
[WhiteElo "2407"]
[BlackElo "2514"]
[WhiteEngine "stockfish_18011309_x64_modern_CTG"]
[BlackEngine "SF@130118_CTG"]
[EventType "Swiss"]
[WhiteTeam ""]
[BlackTeam ""]
[PlyCount "117"]
[TimeControl "420+2"]

1. d4 d5 2. c4 e6 3. Nc3 c6 4. Nf3 Nf6 5. Bg5 h6 6. Bh4 dxc4 7. e4 g5 8. Bg3 b5 
9. Be2 Bb7 10. h4 g4 11. Ne5 Nbd7 12. Nxd7 Qxd7 13. Be5 Qe7 14. a4 b4 
15. Nb1 Bg7 16. Nd2 c5 17. Nxc4 Rd8 18. Bd3 O-O 19. Qe2 Ne8 20. Rd1 f6 
21. Bh2 Rxd4 22. O-O e5 23. Na5 Kh8 24. Nxb7 Qxb7 25. Qxg4 f5 26. Qg6 Rd6 
27. Qh5 f4 28. Rfe1 Rd4 29. b3 Nd6 30. Bf1 Qe7 31. g3 Rxd1 32. Qxd1 c4 
33. bxc4 Nb7 34. Bh3 Nc5 35. Qh5 b3 36. Bf5 Qf7 37. Qe2 Nxa4 38. Qd3 Qb7 
39. Qd6 Qb6 40. Qxb6 axb6 41. Rb1 Nc5 42. Kg2 fxg3 43. fxg3 Ra8 44. Bg1 Ra2+ 
45. Kh3 b2 46. Bxc5 bxc5 47. Bg4 h5 48. Bd1 Ra1 49. Bc2 Rxb1 50. Bxb1 Kh7 
51. Kg2 Bf6 52. Kf3 Bd8 53. Ke3 Ba5 54. Kf2 Kg7 55. Ke2 Bc7 56. Kd2 Ba5+ 
57. Ke2 Bb4 58. Kd1 Ba5 59. Ke2 1/2-1/2

[Event "Sunday 14 January 2nd Tour 7+2 Rounds 9 Starts 2200 ST"]
[Site "Infinity Chess"]
[Date "2018.1.15"]
[Round "9"]
[White "Thinker"]
[Black "Dovahkiin"]
[Result "1/2-1/2"]
[ECO "B04"]
[WhiteElo "2503"]
[BlackElo "2424"]
[WhiteEngine "BrainFish_180106_x64_modern_CTG"]
[BlackEngine "BrainFish_180113_x64_modern_CTG"]
[EventType "Swiss"]
[WhiteTeam ""]
[BlackTeam ""]
[PlyCount "75"]
[TimeControl "420+2"]

1. e4 Nf6 2. e5 Nd5 3. d4 d6 4. Nf3 g6 5. c4 Nb6 6. exd6 cxd6 7. Nc3 Bg7 
8. h3 O-O 9. Be2 Bf5 10. O-O Nc6 11. Re1 Rc8 12. Bg5 h6 13. Be3 d5 14. c5 Nc4 
15. Bxc4 dxc4 16. Qa4 Bd3 17. Rac1 Nxd4 18. Nxd4 Bxd4 19. Bxd4 Qxd4 20. b4 Rc6 
21. Qxa7 Rf6 22. Nd1 Qf4 23. Qa3 Ra6 24. Qc3 Rxa2 25. Rxe7 Rfa8 26. g3 Qf5 
27. Qe1 Ra1 28. Nc3 Rxc1 29. Qxc1 Qf3 30. Re1 g5 31. Re3 Qf6 32. Qe1 Ra3 
33. Re5 Kh7 34. b5 Qf3 35. Re3 Qf6 36. Re5 Qf3 37. Re8 Qf6 38. Re5 1/2-1/2

[Event "Sunday 14 January 2nd Tour 7+2 Rounds 9 Starts 2200 ST"]
[Site "Infinity Chess"]
[Date "2018.1.15"]
[Round "9"]
[White "Murx"]
[Black "Thor"]
[Result "1/2-1/2"]
[ECO "D31"]
[WhiteElo "2512"]
[BlackElo "2578"]
[WhiteEngine "BrainFish_171226_x64_modern"]
[BlackEngine "asmFishW_bmi2"]
[EventType "Swiss"]
[WhiteTeam ""]
[BlackTeam ""]
[PlyCount "127"]
[TimeControl "420+2"]

1. d4 d5 2. c4 e6 3. Nc3 c6 4. e4 dxe4 5. Nxe4 Bb4+ 6. Bd2 Qxd4 7. Bxb4 Qxe4+ 
8. Be2 Na6 9. Ba5 b6 10. Qd6 Bd7 11. Bc3 f6 12. Nf3 Nh6 13. Rd1 Rd8 14. Qa3 Bc8 
15. Nd2 Qf4 16. Bh5+ Nf7 17. O-O c5 18. Qa4+ Ke7 19. Rfe1 Ng5 20. Re3 Rd6 
21. Rde1 Rhd8 22. Nf3 Kf8 23. a3 Nf7 24. h3 Rd3 25. Rxd3 Rxd3 26. Be5 fxe5 
27. Bxf7 Nc7 28. Bg6 Rxf3 29. Qxa7 Qd2 30. Rf1 Rb3 31. Qxc7 Qd7 32. Qxd7 Bxd7 
33. Bxh7 Rxb2 34. Rb1 Ra2 35. Rb3 Ra1+ 36. Kh2 Rc1 37. Rxb6 Rxc4 38. Rb7 Rd4 
39. Be4 c4 40. f3 Ke7 41. a4 Kd6 42. a5 c3 43. a6 Rxe4 44. fxe4 c2 45. a7 c1=Q 
46. a8=Q Qf4+ 47. Kg1 Qe3+ 48. Kf1 Qf4+ 49. Ke1 Qxe4+ 50. Kd2 Qxg2+ 51. Kc1 Qg1+ 
52. Kb2 Qd4+ 53. Kb1 Qd3+ 54. Ka1 e4 55. Qf8+ Kc6 56. Rb2 e3 57. Qxg7 Qa3+ 
58. Kb1 Qd3+ 59. Ka1 Qd1+ 60. Ka2 Qa4+ 61. Kb1 Qd1+ 62. Ka2 Qa4+ 63. Kb1 Qd1+ 
64. Ka2 1/2-1/2

[Event "Sunday 14 January 2nd Tour 7+2 Rounds 9 Starts 2200 ST"]
[Site "Infinity Chess"]
[Date "2018.1.15"]
[Round "9"]
[White "CrossingJordan"]
[Black "SkyPilot"]
[Result "1/2-1/2"]
[ECO "B90"]
[WhiteElo "2500"]
[BlackElo "2543"]
[WhiteEngine "asmFishW_2017-12-20_bmi2_CTG"]
[BlackEngine "stockfish_x64_bmi2_2018_01_01_CTG"]
[EventType "Swiss"]
[WhiteTeam ""]
[BlackTeam ""]
[PlyCount "70"]
[TimeControl "420+2"]

1. e4 c5 2. Nf3 d6 3. d4 cxd4 4. Nxd4 Nf6 5. Nc3 a6 6. Be3 e5 7. Nb3 Be6 
8. f3 h5 9. Qd2 Nbd7 10. Nd5 Bxd5 11. exd5 g6 12. Be2 Bg7 13. Na5 Rb8 
14. O-O-O O-O 15. g4 Nb6 16. c4 e4 17. gxh5 Nxh5 18. fxe4 Na4 19. e5 Bxe5 
20. Bxh5 Bxb2+ 21. Kc2 Bc3 22. Qd3 Qxa5 23. Bxg6 fxg6 24. Qxg6+ Bg7 25. Bd4 Qc7 
26. Rd3 Rbe8 27. Rg1 Re7 28. Bxg7 Rxg7 29. Qe6+ Qf7 30. Rxg7+ Kxg7 31. Rg3+ Kh8 
32. Rh3+ Kg8 33. Rg3+ Kh8 34. Rh3+ Kg8 35. Rg3+ Kh8 1/2-1/2